 Dungeon Crawl Stone Soup version 0.30-b1-2-g02819fbbbe (webtiles) character file.

Game seed: 10566219030467622066

(classic levelgen) 66761 EnegeticOcto the Severer (level 14, -3/103 HPs)
             Began as a Minotaur Fighter on May 9, 2023.
             Was an Initiate of Gozag.
             Slain by a tentacled starspawn (10 damage)
             ... on level 5 of the Abyss.
             The game lasted 00:15:06 (20428 turns).

EnegeticOcto the Severer (Minotaur Fighter)        Turns: 20428, Time: 00:15:07

Health: -3/103     AC: 26    Str: 26    XL:     14   Next: 80%
Magic:  10/10      EV: 15    Int:  5    God:    Gozag
Gold:   2391       SH:  7    Dex: 10    Spells: 13/13 levels left

rFire   + . .        a - +2 broad axe
rCold   + + .        c - +0 buckler
rNeg    . . .        T - +3 plate armour {rC+}
rPois   +            (helmet restricted)
rElec   +            f - scarf {shadows}
rCorr   +            g - +0 pair of gloves
SInv    +            C - +2 pair of slick slippers {slick, slippery, EV+4}
Will    +....        Q - amulet of the acrobat Stlth
                     q - ring of see invisible
HPRegen 0.37/turn    m - +4 ring of protection
MPRegen 0.12/turn

%: random rage (9%), acrobat
@: resistant, gold aura, on berserk cooldown
A: horns 2, retaliatory headbutt, [berserk 2], [frail 2], [low MP 2], [no potion
heal 2]
a: Renounce Religion, Potion Petition, Call Merchant, Bribe Branch


You were on level 5 of the Abyss.
You worshipped Gozag.
Gozag was most pleased with you.
You visited 3 branches of the dungeon, and saw 20 of its levels.
You visited the Abyss 1 time.

You collected 6235 gold pieces.
You spent 919 gold pieces at shops.
You paid 2925 gold pieces to Gozag.

Inventory:

Hand Weapons
 a - a +2 broad axe (weapon)
   (You found it on level 2 of the Dungeon)
Missiles
 i - 2 throwing nets (quivered)
Armour
 c - a +0 buckler (worn)
 f - a scarf of shadows (worn)
   (You found it on level 2 of the Dungeon)
 g - a +0 pair of gloves (worn)
   (You found it on level 3 of the Dungeon)
 C - the +2 pair of slick slippers (worn) {slick, slippery, EV+4}
   (You bought it in a shop on level 4 of the Dungeon)

   Slick:     Its wearer cannot be constricted, engulfed, netted or webbed.
   Slippery:  Its wearer slips away from damaging melee attacks, pulling the
   attacker onward.
   EV:        It affects your evasion (+4).
 T - a +3 plate armour of cold resistance (worn)
   (You found it on level 4 of the Lair of Beasts)
Jewellery
 m - a +4 ring of protection (right hand)
   (You found it on level 8 of the Dungeon)
 q - a ring of see invisible (left hand)
   (You found it on level 2 of the Dungeon)
 u - a +6 ring of intelligence
   (You found it on level 14 of the Dungeon)
 P - a ring of magical power
   (You found it on level 3 of the Lair of Beasts)
 Q - an amulet of the acrobat (around neck)
   (You found it on level 3 of the Lair of Beasts)
Wands
 b - a wand of charming (22)
   (You found it on level 5 of the Dungeon)
 B - a wand of roots (15) {@v2}
   (You found it on level 8 of the Dungeon)
 E - a wand of polymorph (10)
   (You found it on level 8 of the Dungeon)
 F - a wand of digging (15) {@v3}
   (You found it on level 8 of the Dungeon)
 G - a wand of flame (20) {@v4}
   (You found it on level 8 of the Dungeon)
 H - a wand of mindburst (13)
   (You found it on level 12 of the Dungeon)
 L - a wand of quicksilver (6) {@v1}
   (You found it on level 2 of the Orcish Mines)
Scrolls
 j - 3 scrolls of identify {@r1}
 l - 9 scrolls of teleportation {@r3}
 o - 4 scrolls of magic mapping {@r5}
 t - 4 scrolls of enchant armour
 w - 5 scrolls of fear
 x - 3 scrolls of blinking {@r4}
 y - 7 scrolls of fog
 D - 3 scrolls of immolation
 J - 2 scrolls of noise
 M - a scroll of poison
 N - a scroll of enchant weapon
 O - a scroll of summoning
 R - 2 scrolls of torment
Potions
 d - a potion of might {@q3}
 e - 7 potions of flight
 h - 6 potions of mutation
 k - 4 potions of berserk rage
 n - 2 potions of lignification
 p - 7 potions of curing {@q1}
 r - 2 potions of haste {@q4}
 s - 2 potions of attraction
 v - 3 potions of heal wounds {@q2}
 z - 2 potions of invisibility
 A - 2 potions of resistance {@q5}
 I - 2 potions of ambrosia
Miscellaneous
 K - a phantom mirror
   (You found it on level 4 of the Lair of Beasts)


   Skills:
 + Level 13.2 Fighting
 * Level 17.7 Axes
 + Level 13.2 Armour
 + Level 10.8 Dodging
 + Level 13.1 Shields
 + Level 7.3 Evocations


You had 13 spell levels left.
You didn't know any spells.
Your spell library was empty.

Dungeon Overview and Level Annotations

Branches:
Dungeon (14/15)            Temple (0/1) D:6            Lair (4/5) D:8
  Swamp (0/4) Lair:3       Spider (0/4) Lair:2          Orc (2/2) D:11
    Elf (0/3) Orc:2
  Slime: Lair:4-5    Vaults: D:13-14

Altars:
Elyvilon
Gozag
Kikubaaqudgha
Okawaru
Qazlal
Sif Muna
Trog
Vehumet
Wu Jian
Yredelemnul
Zin

Shops:
D:4 [   D:6 (   D:10 *   Orc:1 *:(?   Orc:2 :!*=

Annotations:
D:11 1 runed translucent door, kSektR's ghost, journeyman TrBe
D:14 1 runed translucent door, 2 exclusions, Flugkiller's ghost, journeyman MiFi; Louise
Orc:1 4 transporters


Innate Abilities, Weirdness & Mutations

You have a pair of horns on your head.
You reflexively headbutt those who attack you in melee.
[You have an uncontrollable temper.]
[You are very frail. (-20% HP)]
[Your magical capacity is very low. (-20% MP)]
[Potions cannot restore your health.]


Message History

You slice the tentacled starspawn!!
The tentacled starspawn is moderately damaged.
You barely miss the raiju. You slash the raiju!
You feel yourself speed up.
Tentacles burst from the starspawn's body!
The raiju is distracted by your dazzling golden aura. x2
The wretched star pulses with an eldritch light!
You feel a little pissed off.
You feel extremely angry at everything! 2 starspawn tentacles come into view.
The raiju barks! x2
You slice the tentacled starspawn!! You headbutt the tentacled starspawn.
The tentacled starspawn is severely damaged.
You slash the raiju!
The raiju is no longer distracted by gold.
You hit the raiju but do no damage.
The raiju is no longer distracted by gold.
The raiju bites you but does no damage. The raiju misses you.
You miss the raiju. You headbutt the raiju.
The raiju is lightly wounded.
You slash the raiju! x2
You kill the raiju!
The raiju misses you.
The raiju bursts into living lightning!
The living lightning misses you.
The raiju blinks!
You closely miss the raiju.
The raiju is lightly wounded.
You slice the raiju!!
The raiju is distracted by your dazzling golden aura.
The raiju bites you but does no damage.
You closely miss the raiju.
The raiju is no longer distracted by gold.
The raiju is almost dead.
You miss the raiju. You slash the raiju!
You kill the raiju!
You slash the raiju!
You flicker for a moment.
The raiju bursts into living lightning!
The living lightning hits you. You resist.
* * * LOW HITPOINT WARNING * * *
The raiju blinks!
You barely miss the wretched star. You hit the raiju but do no damage.
You block the raiju's attack.
The swamp dragon is distracted by your dazzling golden aura.
You feel much better.
The wretched star pulses with an eldritch light!
Your system partially rejects the healing effects of potions.
Your system completely rejects the healing effects of potions.
The raiju closely misses you.
You cannot be healed by potions.
The swamp dragon roars deafeningly!
You slash the wretched star!
The wretched star is lightly damaged.
You closely miss the raiju.
The wretched star pulses with an eldritch light!
You feel frail. x2; You feel less energetic. x2
The raiju bursts into living lightning!
The living lightning misses you.
The raiju blinks!
You slash the wretched star!
The wretched star is moderately damaged.
You slash the raiju!
The wretched star glows turbulently.
You block the lance of force.
You closely miss the wretched star.
The wretched star is moderately damaged.
You slash the raiju!
The swamp dragon is no longer distracted by gold.
The raiju bites you but does no damage.
You slash the wretched star! You headbutt the wretched star.
The wretched star is heavily damaged.
You hit the raiju.
You kill the raiju!
The wretched star glows turbulently.
The lance of force misses you.
The swamp dragon breathes poison at the wretched star.
The blast of poison engulfs the wretched star.
The wretched star completely resists.
You closely miss the wretched star.
The wretched star is heavily damaged.
You catch the helpless tentacled starspawn completely off-guard!
You slash the tentacled starspawn!
You flicker back into view.
The tentacled starspawn bites you but does no damage.
The tentacled starspawn tentacle-slaps you but does no damage.
You hit the wretched star.
The wretched star is heavily damaged.
You hit the tentacled starspawn but do no damage.
The wretched star glows turbulently.
The lance of force hits you!!
You are knocked back by the lance of force.
You slam into the closed door!
* * * LOW HITPOINT WARNING * * *
You hit the wretched star but do no damage.
The wretched star is heavily damaged.
You barely miss the tentacled starspawn.
The tentacled starspawn bites you!
* * * LOW HITPOINT WARNING * * *
The tentacled starspawn tentacle-slaps you!
You die...
Your body crumbles into a pile of gold.

.#... ## #. ..
.$ # # .
.###..#. . .#
...# . . # #. .
## . . .. # # #
# .
####.))..### #
# ..... ##$+#
..* § .
##...⌠#○○@# .
X#. .
#.#°###X*##. #
# ...○°D° . * .
. .......°..# .
#
.............#
φ##
###.#.#####...#
# ..# #### # .
# .# #.


You could see a tentacled starspawn, a wretched star and a swamp dragon.

Vanquished Creatures
  A tentacled starspawn (Abyss:5)
  A nagaraja (Abyss:5)
  An eidolon (Abyss:5)
  Erolcha (D:12)
  A ghost crab (Lair:3)
  5 hydras
  Erica (D:8)
  An ogre mage (D:14)
  4 centaur warriors
  An alligator (Lair:4)
  7 two-headed ogres
  A boulder beetle (Lair:1)
  A tengu warrior (D:14)
  2 satyrs (Abyss:5)
  12 death yaks (Lair:4)
  A thrashing horror (Abyss:5)
  3 orc high priests (Orc:2)
  Amaemon (Lair:2)
  A fire crab (Lair:4)
  Lodul (D:12)
  A spatial maelstrom (Abyss:5)
  A skyshark (Lair:4)
  A deep elf pyromancer (D:14)
  4 orc knights (Orc:2)
  3 cyclopes
  4 orc sorcerers
  3 manticores
  6 black mambas
  An orange demon (Lair:2)
  An apocalypse crab (Abyss:5)
  Joseph (D:7)
  A guardian serpent (Abyss:5)
  3 torpor snails (Lair:4)
  9 cane toads
  A smoke demon (Abyss:5)
  3 gargoyles
  An unseen horror (D:11)
  3 rime drakes
  3 kobold demonologists
  7 komodo dragons
  A spectral skyshark (Lair:3)
  A tengu conjurer (D:14)
  A meliai (Lair:2)
  3 polar bears
  7 trolls
  6 blink frogs
  Prince Ribbit (D:6)
  A spectral elephant (Lair:3)
  4 raiju (Abyss:5)
  3 slime creatures (D:12)
  A vampire (D:12)
  Sigmund (D:5)
  A shadow (D:9)
  7 wyverns
  13 yaks
  A wraith (D:12)
  4 basilisks
  A golden eye (shapeshifter) (D:13)
  4 vampire mosquitoes (D:12)
  A neqoxec (Abyss:5)
  A small abomination (Abyss:5)
  A steam dragon (D:8)
  7 wargs
  9 water moccasins
  14 orc warriors
  An ice beast (D:7)
  A spectral blink frog (Lair:3)
  A sky beast (D:7)
  4 black bears
  11 ogres
  8 wolves
  7 centaurs
  7 kobold brigands
  14 bullfrogs
  3 scorpions
  4 wights (D:9)
  4 killer bees (Lair:2)
  A howler monkey (D:10)
  4 jellies
  5 hounds
  16 orc priests
  2 gnoll boudas
  13 hell rats
  22 orc wizards
  2 sleepcaps (D:7)
  4 iguanas
  15 gnolls
  9 adders
  A white imp (D:7)
  2 ufetubi
  A worm (D:3)
  5 dart slugs
  74 orcs
  10 bats
  2 endoplasms
  5 giant cockroaches
  9 goblins
  12 hobgoblins
  10 jackals
  35 kobolds
  4 quokkas
  7 ball pythons
  2 frilled lizards
  3 rats
538 creatures vanquished.

Vanquished Creatures (collateral kills)
  A hydra (Lair:4)
  A yak (Lair:4)
2 creatures vanquished.

Vanquished Creatures (others)
  An ancient zyme (Abyss:5)
  An orc wizard (D:8)
  13 fungi
  25 plants
  6 starspawn tentacles (Abyss:5)
46 creatures vanquished.

Grand Total: 586 creatures vanquished

Notes
Turn   | Place    | Note
-------+----------+-------------------------------------------
     0 | D:1      | EnegeticOcto the Minotaur Fighter began the quest for the
                  | Orb.
     0 | D:1      | Reached XP level 1. HP: 19/19 MP: 0/0
   129 | D:1      | Reached XP level 2. HP: 27/27 MP: 1/1
   133 | D:1      | Reached skill level 3 in Axes
   346 | D:1      | Reached XP level 3. HP: 33/33 MP: 2/2
  1020 | D:2      | Reached XP level 4. HP: 40/40 MP: 3/3
  1029 | D:2      | Reached skill level 4 in Axes
  1582 | D:3      | Reached XP level 5. HP: 41/47 MP: 4/4
  1732 | D:3      | Found an opulent altar of Gozag.
  1749 | D:3      | Reached skill level 5 in Axes
  1757 | D:3      | Became a worshipper of Gozag Ym Sagoz the Greedy
  1859 | D:3      | Found an iron altar of Okawaru.
  1871 | D:3      | Reached XP level 6. HP: 42/55 MP: 5/5
  1873 | D:3      | Reached skill level 5 in Armour
  2209 | D:3      | Found a stormy altar of Qazlal.
  2321 | D:4      | Reached skill level 5 in Fighting
  2321 | D:4      | Reached skill level 5 in Shields
  2539 | D:4      | Found Fonixaosh's Armour Emporium.
  2548 | D:4      | Bought a +6 chain mail of ponderousness for 126 gold pieces
  3268 | D:4      | Found a shimmering blue altar of Sif Muna.
  3360 | D:5      | Entered Level 5 of the Dungeon
  3446 | D:5      | Reached skill level 6 in Axes
  3448 | D:5      | Reached XP level 7. HP: 61/61 MP: 6/6
  3617 | D:5      | Identified the staff of death "Huarorch" {rN+ Will+}
  3675 | D:5      | Noticed Sigmund
  3684 | D:5      | Killed Sigmund
  3709 | D:5      | Reached skill level 7 in Axes
  3744 | D:5      | Reached XP level 8. HP: 61/70 MP: 7/7
  3953 | D:5      | Found a basalt altar of Yredelemnul.
  4085 | D:5      | Identified the +1 quarterstaff of Spite {pain, rC+}
  4232 | D:5      | Found a bloodstained altar of Trog.
  4323 | D:4      | Bought the +2 pair of slick slippers {slick, slippery,
                  | EV+4} for 421 gold pieces
  4323 | D:4      | Found the +2 pair of slick slippers {slick, slippery, EV+4}
  4417 | D:6      | Found a staircase to the Ecumenical Temple.
  4432 | D:6      | Reached skill level 1 in Dodging
  4497 | D:6      | Noticed Prince Ribbit
  4510 | D:6      | Killed Prince Ribbit
  4511 | D:6      | Reached skill level 8 in Axes
  4836 | D:6      | Found Xabbutes's Weapon Shoppe.
  5012 | D:6      | Found a white marble altar of Elyvilon.
  5017 | D:6      | Found a faded altar of an unknown god.
  5019 | D:6      | Found a glowing silver altar of Zin.
  5021 | D:6      | Found a faded altar of an unknown god.
  5025 | D:6      | Found an ancient bone altar of Kikubaaqudgha.
  5294 | D:7      | Reached skill level 9 in Axes
  5294 | D:7      | Reached XP level 9. HP: 79/79 MP: 8/8
  5306 | D:7      | Noticed Joseph
  5329 | D:7      | Killed Joseph
  5912 | D:8      | Found a staircase to the Lair.
  5915 | D:8      | Noticed Erica
  5921 | D:8      | Reached skill level 10 in Axes
  5944 | D:8      | Killed Erica
  6079 | D:8      | Reached XP level 10. HP: 88/88 MP: 9/9
  6595 | D:9      | Reached skill level 5 in Dodging
  6670 | D:9      | Reached skill level 11 in Axes
  7000 | D:9      | Found a radiant altar of Vehumet.
  7360 | D:10     | Entered Level 10 of the Dungeon
  7475 | D:10     | Noticed a two-headed ogre
  7480 | D:10     | Killed a two-headed ogre
  7598 | D:10     | Noticed an orange demon
  7863 | D:10     | Reached skill level 12 in Axes
  8011 | D:10     | Found Sairiu's Elemental Accessories.
  8582 | D:11     | Noticed a cyclops
  8590 | D:11     | Killed a cyclops
  8591 | D:11     | Reached XP level 11. HP: 85/97 MP: 10/10
  8873 | D:11     | Found a runed translucent door.
  8877 | D:11     | Noticed kSektR's ghost (journeyman TrBe)
  8942 | D:11     | Reached skill level 1 in Evocations
  8944 | D:11     | Identified the +4 whip of Ashenzari's Whim {antimagic,
                  | rElec Str+4 Dex-5}
  8999 | D:11     | Found a staircase to the Orcish Mines.
  9525 | D:11     | Identified the +11 trident of Tension {drain, Int+5 Dex-5}
  9721 | D:12     | Noticed a sun demon
  9734 | D:12     | Noticed a soul eater
  9760 | D:12     | Noticed Lodul
  9775 | D:12     | Killed Lodul
  9776 | D:12     | Reached skill level 13 in Axes
  9984 | D:12     | Reached skill level 10 in Armour
 10147 | D:12     | Reached skill level 10 in Fighting
 10158 | D:12     | Reached skill level 10 in Shields
 10314 | D:12     | Noticed a two-headed ogre
 10319 | D:12     | Noticed Erolcha
 10328 | D:12     | Killed a two-headed ogre
 10335 | D:12     | Killed Erolcha
 10720 | D:13     | Noticed a centaur warrior
 10728 | D:13     | Reached XP level 12. HP: 71/107 MP: 11/11
 10833 | D:13     | Killed a centaur warrior
 11116 | D:13     | Reached skill level 14 in Axes
 11457 | D:13     | Noticed a seven-headed hydra
 11467 | D:13     | Killed a seven-headed hydra
 11890 | Orc:1    | Entered Level 1 of the Orcish Mines
 11945 | Orc:1    | Found Byogeogg's Antique Weapon Shop.
 11955 | Orc:1    | Found Vaneing's Book Emporium.
 11967 | Orc:1    | Found Neodamur's General Store.
 11968 | Orc:1    | Paralysed by an orc sorcerer for 2 turns
 11977 | Orc:1    | Paralysed by an orc sorcerer for 5 turns
 12228 | Orc:1    | Bought a potion of heal wounds for 55 gold pieces
 12228 | Orc:1    | Bought a scroll of blinking for 82 gold pieces
 12231 | Orc:1    | Found an ornate altar of the Wu Jian Council.
 12232 | Orc:1    | Found a transporter.
 12246 | Orc:1    | Found a transporter.
 12253 | Orc:1    | Found a transporter.
 12255 | Orc:1    | You fall into a shaft and drop 1 floor!
 12255 | Orc:2    | Entered Level 2 of the Orcish Mines
 12838 | Orc:2    | Found a staircase to the Elven Halls.
 12957 | Orc:2    | Noticed an orc high priest
 12958 | Orc:2    | Noticed an orc high priest
 12958 | Orc:2    | Noticed an orc high priest
 12962 | Orc:2    | Killed an orc high priest
 12962 | Orc:2    | Killed an orc high priest
 12962 | Orc:2    | Killed an orc high priest
 12977 | Orc:2    | Reached skill level 15 in Axes
 12993 | Orc:2    | Found Votzez's Jewellery Emporium.
 12993 | Orc:2    | Found Ceuwytwa's Book Boutique.
 13018 | Orc:2    | Found Wenec's Distillery.
 13018 | Orc:2    | Found Qurucun's Assorted Antiques.
 13031 | Orc:2    | Bought 2 potions of heal wounds for 130 gold pieces
 13386 | Orc:1    | Found Yfurch Zumu's Magic Scroll Shoppe.
 13389 | Orc:1    | Bought a scroll of teleportation for 30 gold pieces
 13389 | Orc:1    | Bought a scroll of magic mapping for 75 gold pieces
 13444 | Orc:1    | Found a transporter.
 13445 | Orc:1    | Found an ornate altar of the Wu Jian Council.
 13445 | Orc:1    | Noticed an orc warlord
 13577 | Lair:1   | Entered Level 1 of the Lair of Beasts
 13656 | Lair:1   | Noticed a seven-headed hydra
 13665 | Lair:1   | Killed a nine-headed hydra
 13961 | Lair:1   | Reached XP level 13. HP: 100/116 MP: 12/12
 13965 | Lair:1   | Reached skill level 5 in Evocations
 14939 | Lair:2   | Identified the +7 rapier of Ymoz {heavy, Will+ Int+3}
 15173 | Lair:2   | Found a hole to the Spider Nest.
 15366 | Lair:2   | Noticed Amaemon
 15375 | Lair:2   | Killed Amaemon
 16184 | Lair:3   | Reached skill level 16 in Axes
 16191 | Lair:3   | Found a staircase to the Swamp.
 17318 | Lair:4   | Reached XP level 14. HP: 49/127 MP: 13/13
 17628 | Lair:4   | Reached skill level 10 in Dodging
 18658 | Lair:4   | Reached skill level 17 in Axes
 18967 | Lair:4   | Identified the ring of Muvveaw {Fire Int+5}
 19665 | D:14     | Found a runed translucent door.
 19668 | D:14     | Noticed Flugkiller's ghost (journeyman MiFi)
 20207 | D:14     | Noticed Louise
 20216 | Abyss:2  | Cast into level 2 of the Abyss (Louise)
 20245 | Abyss:3  | Found a corrupted altar of Lugonu.
 20279 | Abyss:4  | Found a corrupted altar of Lugonu.
 20326 | Abyss:5  | Noticed a nagaraja
 20350 | Abyss:5  | Noticed a tentacled starspawn
 20350 | Abyss:5  | Noticed a nagaraja
 20366 | Abyss:5  | Killed a nagaraja
 20383 | Abyss:5  | Killed a tentacled starspawn
 20408 | Abyss:5  | Noticed a tentacled starspawn
 20428 | Abyss:5  | Slain by a tentacled starspawn

Illustrated notes

Levels and vault maps discovered:
D:1:      matt_arrival_debris, layout_rooms, amethyst_killhole
D:2:      cheibrodos_helix_gallery, layout_loops_ring,
          chequers_serial_rivers_large_a, minmay_misc_feat_five
D:3:      layout_rooms, nicolae_qazlal_eye_of_the_storm,
          mainiacjoe_overflow_small_starburst, nicolae_overflow_crystal_walls,
          dreamdust_mushroom_princess
D:4:      layout_loops_corners, nicolae_sif_muna_little_library, serial_shops,
          nicolae_lakefront_shop
D:5:      layout_cave_pods, kennysheep_mini_moat,
          mainiacjoe_overflow_cross_hatched, uniq_sigmund
D:6:      layout_rooms, chequers_temple_overflow_minitemple,
          minmay_temple_entry_junction_2, serial_shops,
          nicolae_shop_getting_attention, small_statue_intersection,
          uniq_prince_ribbit1
D:7:      layout_cave_pools, uniq_joseph
D:8:      layout_basic, erik_lair_orcish_takeover, uniq_erica
D:9:      layout_rooms, mainiacjoe_overflow_boulevard, kennysheep_small_square
D:10:     layout_stronghold, minmay_misc_feat_columns, nicolae_elemental_shop
D:11:     layout_roguey, david_orc_2, ebering_ghost_funeral_grove
D:12:     layout_basic, portal_ice_cave_rime, uniq_erolcha, uniq_lodul
D:13:     layout_cave_pods
D:14:     layout_gridville, grunt_vaults_entry_fortified,
          roderic_serpentine_path, hellmonk_ghost_happy_afterlife, uniq_louise
Lair:1:   layout_gridlike, st_stairs_11, serial_bayou_shore_b
Lair:2:   layout_cave_shapes, hellmonk_spider_entry_not_the_bees,
          nicolae_quartered_pool_medium, uniq_amaemon
Lair:3:   layout_hall_layers, nicolae_swamp_entry_spooky
Lair:4:   layout_regular_city, nicolae_lair_lakeside_cave, grunt_megastairs_1
Orc:1:    dreamdust_wu_jian_sword_trials, layout_diamond_mine, serial_shops,
          nicolae_shop_behind_doors, nicolae_shop_tiny_real_fake_doors, shop,
          nicolae_shop_overgrown_old_shop, shop, kennysheep_orc_chapel
Orc:2:    grunt_orc_tribal_feast, layout_caves, hellmonk_bongcloud_opening
Abyss:5:  base: D:2, guppyfry_abyss_exit_spiral_guarded,
          spicy_abyss_helpful_harpoons, nicolae_abyss_rune_left_handed,
          evilmike_abyss_exit_mutagenic

Skill      XL: |  1  2  3  4  5  6  7  8  9 10 11 12 13 14 |
---------------+-------------------------------------------+-----
Axes           | 3 4 5 6 7 9 10 12 13 15 16 17 | 17.7
Armour         | 4 5 6 7 8 9 10 11 12 13 | 13.2
Shields        | 4 5 6 7 8 9 10 11 12 13 | 13.1
Fighting       | 4 5 6 7 8 9 10 11 12 13 | 13.2
Dodging        | 2 4 6 7 8 9 10 | 10.8
Evocations     | 3 4 6 7 |  7.3

Action                     |  1- 3 |  4- 6 |  7- 9 | 10-12 | 13-15 || total
---------------------------+-------+-------+-------+-------+-------++-------
  Melee: War axe           |    76 |       |       |       |       ||    76
         Headbutt          |    12 |    27 |    37 |    95 |   139 ||   310
         Broad axe         |     9 |   163 |   245 |   539 |   533 ||  1489
 Invoke: Potion Petition   |       |       |       |     1 |     7 ||     8
  Evoke: Wand              |       |       |       |    14 |    11 ||    25
         Phantom mirror    |       |       |       |       |     1 ||     1
    Use: Scroll            |     6 |     2 |     5 |     6 |    10 ||    29
         Potion            |       |       |       |       |     8 ||     8
   Stab: Distracted        |       |       |     4 |     3 |     1 ||     8
         Invisible         |       |       |       |       |     7 ||     7
 Armour: Scale mail        |    63 |    94 |       |       |       ||   157
         Chain mail        |       |    14 |   111 |   247 |   216 ||   588
         Plate armour      |       |       |       |       |    68 ||    68
  Dodge: Dodged            |    45 |    81 |   140 |   324 |   407 ||   997
  Block: Buckler           |    20 |    37 |    67 |   154 |   204 ||   482
